Cogmind - Beta 14 @@@ ROGUE MODE // 2024.10.20 @ 10:14:23 Player: toydarian Result: Self-destructed Performance ------------- Evolutions (2) 1000 Regions Visited (5) 1000 Robots Destroyed (22) 110 Value Destroyed (478) 478 Prototype IDs (3) 60 Alien Tech Used (0) 0 Bonus (300) 300 TOTAL SCORE: 2948 Bonus ------- Aligned with FarCom 300 Cogmind --------- Core Integrity 530/550 Matter 2/300 Energy 250/250 System Corruption 0% Temperature Cool (0) Movement Rolling (115) Ox1 Location -8/Materials Parts ------- > --- POWER (1) -------- Ion Engine > --- PROPULSION (3) --- Compact Wheel Compact Wheel > --- UTILITY (5) ------ High-capacity Storage Unit Structural Scanner Light Armor Plating Hacking Suite > --- WEAPON (2) ------- Assault Rifle Grenade Launcher > --- INVENTORY (20) --- Ion Engine Light Ion Engine Small Storage Unit Medium Storage Unit Cloak of Protection Hacking Suite Light Assault Rifle Light Assault Rifle Light Assault Rifle Rocket Launcher Missile Launcher Peak State ------------ > --- POWER ------------ Ion Engine > --- PROPULSION ------- Compact Wheel Compact Wheel > --- UTILITY ---------- High-capacity Storage Unit Structural Scanner Cloak of Protection Light Armor Plating Hacking Suite > --- WEAPON ----------- Light Assault Rifle Missile Launcher > --- INVENTORY -------- Ion Engine Light Ion Engine Small Storage Unit Medium Storage Unit Hacking Suite Assault Rifle Light Assault Rifle Light Assault Rifle Grenade Launcher Rocket Launcher [Rating: 22] Favorites ----------- Power Ion Engine Engine Ion Engine Propulsion Light Treads Treads Light Treads Wheel Compact Wheel Utility High-capacity Storage Unit Device Structural Scanner Storage High-capacity Storage Unit Processor Modified TNC Hackware Hacking Suite Protection Light Armor Plating Weapon Light Assault Rifle Ballistic Gun Light Assault Rifle Launcher Grenade Launcher Build | -11 -10 -10 -10 -9 -8 ------- Run | Yrd Mat Min Exi Min Mat Slots Evolved 4 | . . . . . 4 Power . | . . . . . . Propulsion 1 | . . . . . 1 Utility 3 | . . . . . 3 Weapon . | . . . . . . Parts Attached 37 | 4 14 9 4 . 6 Power 3 | 1 1 1 . . . Engine 3 | 1 1 1 . . . Core . | . . . . . . Reactor . | . . . . . . Propulsion 4 | 2 . 2 . . . Treads 2 | 2 . . . . . Leg . | . . . . . . Wheel 2 | . . 2 . . . Hover . | . . . . . . Flight . | . . . . . . Utility 12 | 1 2 2 4 . 3 Device 5 | . . 1 3 . 1 Storage 3 | 1 2 . . . . Processor 1 | . . . 1 . . Hackware 1 | . . . . . 1 Protection 2 | . . 1 . . 1 Artifact . | . . . . . . Weapon 18 | . 11 4 . . 3 Energy Gun . | . . . . . . Energy Cannon . | . . . . . . Ballistic Gun 9 | . 6 2 . . 1 Ballistic Cannon . | . . . . . . Launcher 9 | . 5 2 . . 2 Special Weapon . | . . . . . . Impact Weapon . | . . . . . . Slashing Weapon . | . . . . . . Piercing Weapon . | . . . . . . Special Melee Weapon . | . . . . . . Unidentified Prototypes 3 | . . . 3 . . Parts Lost 5 | . 2 3 . . . Power 2 | . 1 1 . . . Propulsion 2 | . 1 1 . . . Utility . | . . . . . . Weapon 1 | . . 1 . . . Highest Loss Streak 3 | . 1 3 . . . To Critical Strikes 1 | . 1 . . . . Average Slot Usage (%) 81 | . 77 85 89 100 89 Engine 13 | . 14 13 14 14 9 Treads 13 | . 20 10 . . . Wheel 6 | . . 5 28 28 18 Device 5 | . . 11 4 14 17 Storage 13 | . 14 14 14 14 9 Protection 1 | . . 1 . . 9 Ballistic Gun 16 | . 21 6 28 28 7 Launcher 10 | . 6 21 . . 10 Peak Build Rating 22 | 4 7 8 16 15 22 Average Rating 7 | 3 6 7 9 15 20 On Entrance 7 | . 4 6 7 15 15 Naked Turns . | . . . . . . Heaviest Build 66 | 10 50 53 55 55 66 Greatest Support 40 | 40 40 32 32 32 32 Greatest Overweight (x) 17 | . 2 17 1 1 2 Average Overweight (x) 1 | . . 1 1 1 1 Largest Inventory Capacity 20 | 8 20 20 20 20 20 Average Capacity 18 | 7 16 20 20 20 20 Most Carried 13 | 4 11 11 13 11 11 Average Carried 8 | 2 7 10 11 11 9 Final Capacity 20 | 8 20 20 20 20 20 Final Carried 11 | 3 11 11 11 11 11 Class Distribution -------------------- 91% | Mutant 8% | Scavenger-Mutant Dominant Class ---------------- Mutant | -10/Materials Mutant | -10/Mines Mutant | -10/Exiles Mutant | -9/Mines Scavenger-Mutant | -8/Materials Resources | -11 -10 -10 -10 -9 -8 ----------- Run | Yrd Mat Min Exi Min Mat Matter Collected 625 | 186 310 129 . . . Remotely . | . . . . . . Salvage Created 510 | . 400 110 . . . Parts 40 | . 36 4 . . . Haulers Intercepted . | . . . . . . Recyclers Shooed 1 | . 1 . . . . Parts Field Recycled . | . . . . . . Retrieved Matter . | . . . . . . Parts Self-Destructed . | . . . . . . Prevented . | . . . . . . Kills | -11 -10 -10 -10 -9 -8 ------- Run | Yrd Mat Min Exi Min Mat Combat Hostiles Destroyed 15 | . 12 3 . . . Guns 8 | . 8 . . . . AOE 7 | . 4 3 . . . Classes Destroyed 7 | . 6 1 . . . Worker 1 | . 1 . . . . Builder 1 | . 1 . . . . Recycler 1 | . . 1 . . . Operator 2 | . 2 . . . . Watcher 2 | . 2 . . . . Swarmer 6 | . 3 3 . . . Grunt 9 | . 9 . . . . Best Kill Streak 5 | . 5 3 . . . Combat Bots Only 3 | . 3 3 . . . Max Kills in Single Turn 3 | . 3 2 . . . Gunslinging . | . . . . . . Exploded 2 | . 1 2 . . . Melee . | . . . . . . Uniques/NPCs Destroyed . | . . . . . . Combat | -11 -10 -10 -10 -9 -8 -------- Run | Yrd Mat Min Exi Min Mat Hostile Shots Fired 96 | . 75 7 . . 14 Missed 26 | . 19 4 . . 3 Damage Taken 1058 | . 612 295 . . 151 Core 188 | . 117 51 . . 20 Absorbed by Shields . | . . . . . . Core Remaining (%) 66 | 100 . . . 32 . Volleys Fired 69 | . 63 5 . . 1 Largest 2 | . 2 2 . . 1 Hottest 60 | . 50 60 . . 20 Shots Fired 133 | . 122 10 . . 1 Gun 116 | . 109 6 . . 1 Cannon . | . . . . . . Launcher 17 | . 13 4 . . . Special . | . . . . . . Kinetic 116 | . 109 6 . . 1 Thermal . | . . . . . . Explosive 17 | . 13 4 . . . Electromagnetic . | . . . . . . Robot Hit Streak 8 | . 8 5 . . . Robot Miss Streak 7 | . 7 1 . . 1 Penetration Max . | . . . . . . Secondary Targets 1 | . 1 . . . . Max Gunslinging Chain 1 | . 1 . . . . Shots Hit Robots 65 | . 59 6 . . . Core Hits 46 | . 40 5 . . 1 Critical Kills . | . . . . . . Critical Parts Destroyed 1 | . 1 . . . . Critical Strikes 1 | . 1 . . . . Destroy 1 | . 1 . . . . Melee Attacks . | . . . . . . Impact . | . . . . . . Slashing . | . . . . . . Piercing . | . . . . . . Sneak Attacks . | . . . . . . Combat Hostiles . | . . . . . . Follow-up Attacks . | . . . . . . Damage Inflicted 1427 | . 1200 222 . . 5 Guns 504 | . 466 38 . . . Cannons . | . . . . . . Explosions 918 | . 734 184 . . . Melee . | . . . . . . Ramming 5 | . . . . . 5 Kinetic 504 | . 466 38 . . . Thermal . | . . . . . . Explosive 918 | . 734 184 . . . Electromagnetic . | . . . . . . Impact . | . . . . . . Slashing . | . . . . . . Piercing . | . . . . . . Highest Corruption 10 | . . 10 10 10 . Average Corruption 10 | . . 10 10 10 . Corruption Purged . | . . . . . . Corruption Blocked . | . . . . . . Effects 29 | . . 13 15 1 . Message Errors 9 | . . 3 5 1 . Matter Fused 6 | . . . 6 . . Heat Flow Errors 4 | . . 3 1 . . Energy Discharges 4 | . . 3 1 . . Data Loss (minor) 4 | . . 4 . . . Data Loss (major) 1 | . . . 1 . . Alerts 1 | . . . 1 . . Overload Shots . | . . . . . . Overflow Damage 10 | . 10 . . . . Projectiles . | . . . . . . Explosions 10 | . 10 . . . . Melee . | . . . . . . Knockbacks . | . . . . . . Impact . | . . . . . . Kinetic . | . . . . . . Secondary . | . . . . . . Self-Inflicted Damage 20 | . 18 . . . 2 Shots 1 | . 1 . . . . Rammed 1 | . . . . . 1 Targets Rammed 1 | . . . . . 1 Kicked . | . . . . . . Crushed . | . . . . . . Highest Temperature 272 | . 51 272 106 . . Average Temperature 52 | . 14 111 56 . . Received Heat Transfer 246 | . 246 . . . . Siege Activations . | . . . . . . Robots Corrupted . | . . . . . . Combat Hostiles . | . . . . . . Parts Fried . | . . . . . . Impact Corruptions . | . . . . . . Robots Melted . | . . . . . . Combat Hostiles . | . . . . . . Parts Melted . | . . . . . . Heat Transferred . | . . . . . . Parts Sabotaged . | . . . . . . Parts Stolen . | . . . . . . Parts Stripped . | . . . . . . Power Chain Reactions . | . . . . . . Alert | -11 -10 -10 -10 -9 -8 ------- Run | Yrd Mat Min Exi Min Mat Peak Influence 238 | . 238 88 . . 33 Initial . | . . . . . . Average 48 | . 72 18 . . 16 Maximum Alert Level 1 | . 1 . . . . Low Security (%) 96 | 100 93 100 . 100 100 Level 1 3 | . 6 . . . . Level 2 . | . . . . . . Level 3 . | . . . . . . Level 4 . | . . . . . . Level 5 . | . . . . . . High Security . | . . . . . . Max Security . | . . . . . . Squads Dispatched 4 | . 3 . . . 1 Investigation 1 | . 1 . . . . Extermination . | . . . . . . Reinforcement 3 | . 2 . . . 1 Assault . | . . . . . . Garrison . | . . . . . . Intercept . | . . . . . . Searches Triggered . | . . . . . . Construction Impeded . | . . . . . . Haulers Reinforced . | . . . . . . Active Scanning Responses . | . . . . . . Cargo Convoy Interrupts . | . . . . . . Stealth | -11 -10 -10 -10 -9 -8 --------- Run | Yrd Mat Min Exi Min Mat Distress Signals 1 | . 1 . . . . Communications Jammed . | . . . . . . Distress Signals . | . . . . . . Times Spotted 42 | . 37 3 . . 2 Peak Tracking Total 5 | . 5 3 . . 1 Tactical Retreats 1 | . 1 . . . . Traps | -11 -10 -10 -10 -9 -8 ------- Run | Yrd Mat Min Exi Min Mat Traps Triggered . | . . . . . . Indirectly . | . . . . . . Trap Hack Attempts . | . . . . . . Triggered . | . . . . . . Disarmed 3 | . 3 . . . . Reprogrammed . | . . . . . . Reused . | . . . . . . Traps Extracted . | . . . . . . Installed . | . . . . . . Triggered . | . . . . . . Machines | -11 -10 -10 -10 -9 -8 ---------- Run | Yrd Mat Min Exi Min Mat Machines Disabled 1 | . 1 . . . . Max in Single Turn 1 | . 1 . . . . Machines Repaired . | . . . . . . Machines Dismantled . | . . . . . . Machines Sabotaged . | . . . . . . Overloaded Fab Kills . | . . . . . . Hacking | -11 -10 -10 -10 -9 -8 --------- Run | Yrd Mat Min Exi Min Mat Machines Accessed 9 | . 6 . 1 . 2 Terminals 6 | . 4 . . . 2 Fabricators . | . . . . . . Repair Stations 1 | . 1 . . . . Recycling Units 1 | . 1 . . . . Scanalyzers . | . . . . . . Garrison Access . | . . . . . . Total Hacks 47 | . 17 . 23 . 7 Successful 29 | . 4 . 23 . 2 Failed 18 | . 13 . . . 5 Catastrophic 2 | . 1 . . . 1 Database Lockouts . | . . . . . . Manual 4 | . 3 . 1 . . Terminals 20 | . 13 . . . 7 Fabricators . | . . . . . . Repair Stations 1 | . 1 . . . . Recycling Units 3 | . 3 . . . . Scanalyzers . | . . . . . . Garrison Access . | . . . . . . Terminal Hacks 28 | . 3 . 23 . 2 Record 23 | . . . 23 . . Emergency Access Points 1 | . . . . . 1 Locate Traps 1 | . 1 . . . . Disarm Traps 1 | . 1 . . . . Patrol Status 1 | . 1 . . . . Reinforcement Status 1 | . . . . . 1 Fabricator Hacks . | . . . . . . Repair Station Hacks . | . . . . . . Recycling Unit Hacks 1 | . 1 . . . . Process 1 | . 1 . . . . Scanalyzer . | . . . . . . Garrison Access Hacks . | . . . . . . Unauthorized Hacks . | . . . . . . Terminals . | . . . . . . Fabricators . | . . . . . . Repair Stations . | . . . . . . Recycling Units . | . . . . . . Scanalyzers . | . . . . . . Garrison Access . | . . . . . . Data Cores Recovered . | . . . . . . Used . | . . . . . . Hacking Detections 8 | . 6 . . . 2 Full Trace Events 3 | . 3 . . . . Feedback Events . | . . . . . . Feedback Blocked . | . . . . . . Robot Schematics Acquired . | . . . . . . Robots Built . | . . . . . . Authchips . | . . . . . . Time . | . . . . . . Total Robot Build Rating . | . . . . . . Part Schematics Acquired . | . . . . . . Parts Built . | . . . . . . Authchips . | . . . . . . Time . | . . . . . . Total Part Build Rating . | . . . . . . Parts Repaired . | . . . . . . Time . | . . . . . . Parts Recycled . | . . . . . . Recycled Matter 178 | . 178 . . . . Retrieved Matter . | . . . . . . Retrieved Components . | . . . . . . Parts Scanalyzed . | . . . . . . Part Schematics Acquired . | . . . . . . Parts Damaged . | . . . . . . Bothacking | -11 -10 -10 -10 -9 -8 ------------ Run | Yrd Mat Min Exi Min Mat Used RIF Installer . | . . . . . . Robots Hacked . | . . . . . . Non-combat . | . . . . . . Combat . | . . . . . . Robot Hacks Applied . | . . . . . . Relay Couplers Released . | . . . . . . Fabnet Peak Effective % . | . . . . . . Robots Rewired . | . . . . . . Allies Hacked . | . . . . . . Hacks Repelled . | . . . . . . Allies | -11 -10 -10 -10 -9 -8 -------- Run | Yrd Mat Min Exi Min Mat Total Allies . | . . . . . . Largest Group . | . . . . . . Highest-Rated Group . | . . . . . . Highest-Rated Ally . | . . . . . . Total Orders . | . . . . . . Ally Attacks . | . . . . . . Total Damage . | . . . . . . Kills . | . . . . . . Allies Corrupted . | . . . . . . Allies Melted . | . . . . . . Intel | -11 -10 -10 -10 -9 -8 ------- Run | Yrd Mat Min Exi Min Mat Robot Analysis Total . | . . . . . . Derelict Logs Recovered 2 | . . 1 . 1 . Drone Launches . | . . . . . . Drone Recoveries . | . . . . . . Exploration | -11 -10 -10 -10 -9 -8 ------------- Run | Yrd Mat Min Exi Min Mat Turns Passed 4137 | 56 2095 1181 437 17 351 Spaces Moved 1912 | 33 793 469 373 15 229 Core 15 | 6 . 9 . . . Treads 1088 | 27 793 268 . . . Legs . | . . . . . . Wheels 809 | . . 192 373 15 229 Hover . | . . . . . . Flight . | . . . . . . Fastest Speed 50 | 50 160 115 115 115 115 Average Speed 200 | 140 239 245 115 115 122 Slowest Speed 900 | 160 320 900 115 115 130 Overloaded Moves . | . . . . . . Propulsion Burnouts . | . . . . . . Robots Hopped . | . . . . . . Cave-ins Triggered 1 | . . 1 . . . Exploration Rate (%) 47 | 3 93 98 69 8 16 Regions Visited 5 Branch Regions 3 Pre-discovered Areas 2 | . . 1 1 . . Known Exits Taken . | . . . . . . Unknown Exits Taken 5 | 1 1 1 1 1 . Scrap Searched 1 | . . 1 . . . Spaces Dug . | . . . . . . Terrain Destroyed 103 | . 71 32 . . . Melee . | . . . . . . Projectile . | . . . . . . AOE 103 | . 71 32 . . . Terrain Rammed . | . . . . . . Walls Destroyed . | . . . . . . Machines Disabled . | . . . . . . Actions | -11 -10 -10 -10 -9 -8 --------- Run | Yrd Mat Min Exi Min Mat Total 2104 | 43 881 487 382 14 297 Wait 56 | . . . . . 56 Move 1907 | 32 792 468 372 14 229 Hop . | . . . . . . Pick Up 27 | 7 11 4 3 . 2 Fast Attach . | . . . . . . Attach 20 | 4 4 5 3 . 4 Detach 5 | . 1 1 1 . 2 Swap 17 | . 10 4 1 . 2 Drop 2 | . . . 2 . . Fire 69 | . 63 5 . . 1 Melee . | . . . . . . Ram 1 | . . . . . 1 Kick . | . . . . . . Crush . | . . . . . . Escape Stasis . | . . . . . . Rewire . | . . . . . . Trap . | . . . . . . Miscellaneous . | . . . . . . Route ------- -11/Scrapyard -10/Materials (discovered 5 exits: [*Mat x3] / [*Min x2]) -10/Mines (discovered 3 exits: [*Mat x2] / *Exi) -10/Exiles (discovered 2 exits: [*Min x2]) -9/Mines -8/Materials History --------- Turn | Location | Event 24 | -11/Scrapyard | Discovered new exit (range 15) 57 | -11/Scrapyard | Entered Materials 271 | -10/Materials | Discovered new exit (range 10) 316 | -10/Materials | Build established: Mutant 474 | -10/Materials | Discovered new exit (range 12) 809 | -10/Materials | Discovered new exit (range 15) 1147 | -10/Materials | Discovered new exit (range 7) 1328 | -10/Materials | Discovered new exit (range 5) 2152 | -10/Materials | Entered Mines 2296 | -10/Mines | Received a Rocket Launcher from a helpful Derelict 2316 | -10/Mines | Discovered new exit (range 5) 2505 | -10/Mines | Discovered new exit (range 12) 3019 | -10/Mines | Crushed by falling debris 3019 | -10/Mines | Core integrity fell below 50% 3019 | -10/Mines | System corruption reached 10% 3050 | -10/Mines | Lost 3 parts (1p1n1w) 3135 | -10/Mines | Learned location of Storage (-7) 3312 | -10/Mines | Learned Materials trap positions 3327 | -10/Mines | Deemed a non-threat by the Exiles lab entrance 3328 | -10/Mines | Discovered new exit (range 5) 3333 | -10/Mines | Entered Exiles 3362 | -10/Exiles | Met 8R-AWN 3382 | -10/Exiles | Met EX-HEX 3428 | -10/Exiles | Met EX-DEC 3466 | -10/Exiles | Learned location of Zion (-7) 3515 | -10/Exiles | Discovered new exit (range 12) 3585 | -10/Exiles | Met EX-BIN 3601 | -10/Exiles | Aligned with FarCom system 3603 | -10/Exiles | Given EX-Vault access code 3630 | -10/Exiles | Opened EX-Vault 3636 | -10/Exiles | Found Prototype Device 3637 | -10/Exiles | Identified Cloak of Protection 3639 | -10/Exiles | Found Prototype Device 3640 | -10/Exiles | Identified Skeleton Box 3651 | -10/Exiles | Found Prototype Processor 3652 | -10/Exiles | Identified Modified TNC 3677 | -10/Exiles | Warned to stay clear of 0b10 Research branches 3758 | -10/Exiles | Discovered new exit (range 14) 3770 | -10/Exiles | Left Exiles lab with Cloak of Protection 3770 | -10/Exiles | Entered Mines 3770 | -9/Mines | Discovered new exit (range 14) 3787 | -9/Mines | Entered Materials 3787 | -8/Materials | Evolved 4 slots: Propulsion x1, Utility x3 3788 | -8/Materials | Loaded intel: 11 trap records 4078 | -8/Materials | Build established: Scavenger-Mutant 4138 | -8/Materials | Self-destructed Last Messages --------------- Map updated. 03823_ Acquired Missile Launcher. 03856_ K-01 Serf collects debris. 03879_ O-24 Administrator: "IFF HANDSHAKE FAILED. SECURING TERMINAL." 03883_ ALERT: Hostiles spotted, dispatching reinforcements to Terminal M009. 03902_ K-01 Serf collects debris. 04041_ Connecting with Terminal... >>Enumerate(Reinforcements) Retrieving latest reported positions... Found 1 active reinforcement squad. Downloaded coordinate data. 04075_ Penetrated by Slug. 04087_ K-01 Serf cleans the Terminal. 04091_ Slammed into K-01 Serf. 04091_ Missile Launcher broken. 04091_ Destabilizing: Short circuit. 04129_ Slug penetrates Wall. 04134_ Slug penetrates Door. 04137_ Penetrated by Slug. Map ----- +----------------------------------------------------+ | | | | | | | | | | | | | | | | | | | | | ?????????????????############# | | ?????????????????## ## | | ?????????????????## """ ## | | ???################ """"" ## | | ???################ """"" ## | | ???## #### ! # """"" ## | | ???## #### + """ ## | | ???## #### # ## | | ???## + """# "T" ## | | ########### # """#####+###### | | ########### # """## ### | | # ###### #[ ## + | | # ###### ######## # | | # # ############ # | | # #h#######????###### # | | # @ #######????????## # | | # # #######????????## + | | # # #######????????## # | | # # # ]] ##????????## # | | # # # ]! # ??????? ## ### | | ###+## # ]! # ??????? # ## | | # # # # ??????? # | | # # # # ??????? + | | # # # ! # ??????? # | | # # # # ??????? # * ## | | # + / # ??????? ## ### | | # # # # ??? ## ### | | # # ###########????## ##? | | # # ##### ???? + ##? | | # # ##????"""" # ##? | | ###### ##????"""" # ##? | | ###### ##### """" # ##? | | # # ##### // # ##? | | # # + / # ##? | | # # ##### # ??? | | # + ################# ????? | | #! # ##??############# ????? | | ###### ##????????????????????? | | #### ????????????????????? | | ????? ##??????????????????? | +----------------------------------------------------+ Best States ------------- Heat Dissipation 31 Energy Generation 10 Energy Capacity 250 Matter Stores 226 Matter Capacity 300 Sight Range 16 Terrain Scan Density 10 Cloak Strength 5 Armor Coverage 150 Evasion (%) 40 Recoil Reduction 2 Offensive Hacking 10 Item Schematics ----------------- None Robot Schematics ------------------ None Fabricated ------------ Nothing Alien Tech Used ----------------- None Achievements -------------- None Challenges ------------ None Game ------ Seed BiometalPowerClaymores Manual? 0 Play Time 00:24:33 Cumulative 20.4 hours Start 2024.10.20 @ 09:51:10 End 2024.10.20 @ 10:14:23 Sessions 1 Manual Loads 0 Difficulty Rogue Special Mode None Game No. 16 Rogue 9 Adventurer 0 Explorer 7 Win Type - Total 1 Types 1/0/0/0/0/0/0/0/0 Lore% 11 Gallery% 17 Achievement% 22 Wizard Run 0 Options --------- Layout 0 ASCII 0 Keyboard 0 Movement Mouse Keybinds 0 Fullscreen 1 Font 24/Terminus Map View 76x50 Zoom Use 0% Tactical HUD 1 Map Filters NONE Filters NONE Steam 1 RUN: 6ee5fcbc-8a39-4daa-a328-79dddf522eff